AoeStats
← Hairyhayri

Arabia

506375358Analyzed
1v1 RM · 19d ago on Sep 13, 2026· 25m 3s· 2 players
Game mode
Random Map
Map size
Tiny (2 player)
Population
200
Speed
Normal
Resources
Standard
Victory
Conquest
Starting age
Dark Age
Ending age
Imperial Age
RankedLock teamsTeams togetherTeam positionsShared explorationLock speedFull tech treeHidden civsTurbo modeCheats
Victory
Defeat
🇯🇵 Maya · Japan
964
+18
🇹🇷 Teutons · Türkiye
1000
-54
Ken@JAPAN
0:27 Loom
9:47 Feudal Age
18:44 Castle Age
17:04 Fletching
17:39 Double-Bit Axe
18:04 Padded Archer Armor
18:34 Gold Mining
18:59 Horse Collar
19:33 Bodkin Arrow
20:12 Crossbowman
22:27 Leather Archer Armor
22:28 Town Watch
23:00 Stone Mining
Hairyhayri
3:09 Loom
12:49 Feudal Age
13:21 Double-Bit Axe
13:19 Horse Collar
14:47 Wheelbarrow
15:56 Town Watch
16:42 Gold Mining
26:53 Castle Age
Connection lost

Rejoining the realm…

Still unreachable

The connection could not be restored.

Session expired

The server has moved on; the page needs a fresh start.